cohdb
Replays
Latest Replays
All Replays
Popular Replays
Top Player Replays
Match Explorer
How It Works
Community
CoH3 Stats
Reddit
Sign in to upload your games and track your stats! →
Sign in with Steam
Match 46670795
Unlisted
Match 46670795
Overview
Messages
Build Orders
End
Construct Weapon Support Center
Selects Armored Battlegroup
Selects Veteran Crews
Scout Squad
M1919 Machine Gun Team
M1919 Machine Gun Team
Construct Barracks
M1 Mortar Team
1⁄4-ton 4x4 Truck
Mechanized Support Center
M3 Armored Personnel Carrier
Selects Fast Deploy
M3 Armored Personnel Carrier
Engineer Squad
Graouw
Brick_man
既定之天命
osamhx789
爆破w
Yang Padawan
Kuron.XD
Xivix
0
0
Comments
sign in to comment!
No comments posted yet!